 Dungeon Crawl Stone Soup version bcrawl-1.37.1 (webtiles) character file.

Game seed: 1999031492205338624

111916 Morbidden the Cudgeler (level 4, -9/38 HPs)
             Began as a Sand Dwarf Sloth Apostle on Oct 23, 2022.
             Was a Believer of Cheibriados.
             Mangled by an iguana (12 damage)
             ... on level 3 of the Dungeon.
             The game lasted 00:02:31 (2352 turns).

Morbidden the Cudgeler (Sand Dwarf Sloth Apostle)   Turns: 2352, Time: 00:02:32

Health: -9/38      AC:  6    Str: 22    XL:     4   Next: 51%
Magic:  5/5        EV:  6    Int: 18    God:    Cheibriados [**....]
Gold:   160        SH:  9    Dex: 15    Spells: 4/5 levels left

rFire    . . .     GDR:     28% a - +0 mace
rCold    . . .     SeeInvis .   c - +0 medium shield
rNeg     . . .     Gourm    .   l - +1 ring mail {rPois}
rPois    +         Faith    .   (no helmet)
rElec    .         Spirit   .   (no cloak)
rCorr    .         Reflect  .   (no gloves)
MR       .....     Clarity  +   (no boots)
Stlth    ++........             (no amulet)
HPRegen  0.16/turn              (no ring)
MPRegen  0.09/turn              (no ring)

@: very slow
A: small, slowness 1, armour attunement
a: Bend Time, Defer, Renounce Religion


You were on level 3 of the Dungeon.
You worshipped Cheibriados.
Cheibriados was pleased with you.
You were hungry.

You visited 1 branch of the dungeon, and saw 3 of its levels.

You collected 160 gold pieces.

Inventory:

Hand Weapons
 a - a +0 mace (weapon)
Armour
 c - a +0 medium shield (worn)
 l - a +1 ring mail of poison resistance (worn)
Wands
 d - a wand of paralysis (10)
Scrolls
 g - a scroll of magic mapping {unknown}
 i - 6 scrolls of identify
 k - 2 scrolls of remove curse {unknown}
 o - a scroll of enchant armour {unknown}
Potions
 b - 2 potions of mutation {unknown}
 f - a potion of degeneration {unknown}
 h - 2 potions of curing {unknown}
 j - a potion of lignification {unknown}
 m - a potion of heal wounds {unknown}
Comestibles
 e - 8 rations {!d}


   Skills:
 * Level 3.1 Fighting
 * Level 3.9 Maces & Flails
 * Level 2.1 Armour
 * Level 0.7 Dodging
 + Level 2.6 Stealth
 + Level 2.0 Shields
 * Level 1.3 Spellcasting
 + Level 1.6 Hexes
 * Level 0.5 Invocations
 * Level 1.8 Evocations


You had 4 spell levels left.
You knew the following spells:

 Your Spells              Type           Power        Failure   Level  Hunger
a - Slow                  Hex            #.......     100%        1    None
Your spell library was empty.

Dungeon Overview and Level Annotations

Branches:
Dungeon (3/12)

Altars:


Innate Abilities, Weirdness & Mutations

You are small and have problems with some larger weapons.
You cover ground slowly.
Armour does not affect your spellcasting.


Message History

You hit the iguana.
The iguana is moderately wounded.
The iguana barely misses you. You block the iguana's attack.
You hit the iguana.
The iguana is severely wounded.
The iguana bites you but does no damage.
You hit the iguana.
The iguana is severely wounded.
The iguana bites you!
* * * LOW HITPOINT WARNING * * *
The iguana barely misses you.
You closely miss the iguana.
The iguana is severely wounded.
You block the iguana's attack.
You hit the iguana but do no damage.
The iguana is severely wounded.
The iguana bites you.
* * * LOW HITPOINT WARNING * * *
The iguana bites you!
You die...

.. #.# #.## #.# ..# #.#
#######.###.#
.........##.#
.........##.#
....!.r..Z#.#
........#l#.#
......Z.#@#.#
.?......#.#.#
........#.#.#
......$.#.#.#
........#...#
........##..###########
...........>.รท........#
######............#
#............#


You could see an iguana and a hornet zombie.

Vanquished Creatures
  An ooze (D:1)
  2 worms
  2 dart slugs
  9 leopard geckos
  2 giant cockroaches
  5 goblins
  11 hobgoblins
  A jackal (D:2)
  9 kobolds
  2 quokkas (D:2)
  6 bats
  A frilled lizard (D:2)
  A quokka skeleton (D:2)
  10 rats
62 creatures vanquished.

Notes
Turn   | Place    | Note
-------+----------+-------------------------------------------
     0 | D:1      | Morbidden the Sand Dwarf Sloth Apostle began the quest for
                  | the Orb.
     0 | D:1      | Reached XP level 1. HP: 18/18 MP: 2/2
    80 | D:1      | Reached XP level 2. HP: 22/25 MP: 3/3
   458 | D:1      | Reached XP level 3. HP: 31/31 MP: 4/4
   653 | D:1      | Reached * piety under Cheibriados
   863 | D:1      | Reached skill level 1 in Armour
  1510 | D:2      | Reached XP level 4. HP: 38/38 MP: 5/5
  1579 | D:2      | Reached ** piety under Cheibriados
  2352 | D:3      | Mangled by an iguana

Skill      XL: |  1  2  3  4 |
---------------+-------------+-----
Fighting       | 3 |  3.1
Armour         | 1 2 |  2.1
Maces & Flails | |  3.9
Dodging        | |  0.7
Stealth        | |  2.6
Shields        | |  2.0
Spellcasting   | |  1.3
Hexes          | |  1.6
Invocations    | |  0.5
Evocations     | |  1.8

Action                   |  1- 3 |  4- 6 || total
-------------------------+-------+-------++-------
Melee: Mace              |   134 |    80 ||   214
  Use: Scroll            |     1 |       ||     1
 Stab: Sleeping          |     5 |     1 ||     6
  Eat: Chunk             |     7 |     4 ||    11
Armor: Robe              |    14 |       ||    14
       Ring mail         |    30 |    35 ||    65
Dodge: Dodged            |    34 |    23 ||    57
Block: Medium shield     |    76 |    44 ||   120
